 Dungeon Crawl Stone Soup version 0.28.0-43-g3370ac3207 (webtiles) character file.

Game seed: 16877410746478900807

233586 Peloso the Fencer (level 19, -1/177 HPs)
             Began as a Minotaur Fighter on Mar 2, 2022.
             Was the Champion of Okawaru.
             Slain by a culicivora (21 damage)
             ... on level 2 of the Spider Nest.
             The game lasted 01:25:19 (43050 turns).

Peloso the Fencer (Minotaur Fighter)               Turns: 43050, Time: 01:25:19

Health: -1/177     AC: 35    Str: 38    XL:     19   Next: 20%
Magic:  19/20      EV: 17    Int:  8    God:    Okawaru [******]
Gold:   1107       SH: 13    Dex: 19    Spells: 18/18 levels left

rFire   + . .      SeeInvis +   a - +10 long sword "Qirit" {flame, Str+3 Int-3 Dex+5 SInv}
rCold   . . .      Faith    +   c - +3 buckler of the Circus Animal {rN+ rCorr Str+7}
rNeg    + . .      Spirit   .   i - +3 chain mail {rPois}
rPois   +          Reflect  .   o - +2 hat "Hidush" {Will+ Int+3 Dex+3}
rElec   .          Harm     .   J - +2 cloak
rCorr   +          Rampage  .   g - +2 pair of gloves
Will    ++...                   M - +0 pair of boots "Zugoff" {Int+3 Slay+3}
Stlth   +.........              v - amulet "Zirofoqe" {Faith rF+ rCorr}
HPRegen 0.39/turn               e - ring of resist corrosion
MPRegen 0.17/turn               R - +4 ring of protection

@: heroic
A: horns 2, retaliatory headbutt
a: Renounce Religion, Heroism, Finesse, Duel


You were on level 2 of the Spider Nest.
You worshipped Okawaru.
Okawaru was exalted by your worship.
You visited 6 branches of the dungeon, and saw 28 of its levels.
You visited the Abyss 1 time.
You also visited: Sewer and Ice Cave.

You collected 2524 gold pieces.
You spent 1417 gold pieces at shops.

Inventory:

Hand Weapons
 a - the +10 long sword "Qirit" (weapon) {flame, Str+3 Int-3 Dex+5 SInv}
   (You found it on level 8 of the Dungeon)

   It burns those it strikes, dealing additional fire damage.
   Big, fiery blades are also staple armaments of hydra-hunters.
   Str:       It affects your strength (+3).
   Int:       It affects your intelligence (-3).
   Dex:       It affects your dexterity (+5).
   SInv:      It lets you see invisible.
 b - the +7 double sword of Pudacriant {holy, SInv}
   (Okawaru gifted it to you on level 3 of the Lair of Beasts)

   It has been blessed by the Shining One to cause great damage to the undead
   and demons.
   SInv:      It lets you see invisible.
 r - the +12 hand crossbow of the Orcish Mines {elec, Stlth+}
   (You found it on level 8 of the Dungeon)

   Any ammunition fired from it occasionally discharges a powerful burst of
   electricity upon striking a foe.
   Stlth:     It makes you more stealthy.
Missiles
 u - 424 bolts
Armour
 c - the +3 buckler of the Circus Animal (worn) {rN+ rCorr Str+7}
   (Okawaru gifted it to you on level 11 of the Dungeon)

   Str:       It affects your strength (+7).
   rN:        It protects you from negative energy.
   rCorr:     It protects you from acid and corrosion.
 g - a +2 pair of gloves (worn)
 i - a +3 chain mail of poison resistance (worn)
 n - a +0 kite shield of reflection
 o - the +2 hat "Hidush" (worn) {Will+ Int+3 Dex+3}
   (Okawaru gifted it to you on level 4 of the Lair of Beasts)

   Int:       It affects your intelligence (+3).
   Dex:       It affects your dexterity (+3).
   Will:      It increases your willpower.
 w - a +2 chain mail of willpower
 C - +0 swamp dragon scales
 J - a +2 cloak (worn)
 K - a +0 pair of boots of flying
 M - the +0 pair of boots "Zugoff" (worn) {Int+3 Slay+3}
   (Okawaru gifted it to you on level 8 of the Dungeon)

   Int:       It affects your intelligence (+3).
   Slay:      It affects your accuracy & damage with ranged weapons and melee
   (+3).
Jewellery
 e - a ring of resist corrosion (left hand)
 h - a ring of willpower
 p - a ring of fire
 v - the amulet "Zirofoqe" (around neck) {Faith rF+ rCorr}
   (You found it on level 1 of the Lair of Beasts)

   [amulet of faith]

   It allows you to gain divine favour quickly.
   rF:        It protects you from fire.
   rCorr:     It protects you from acid and corrosion.
 R - a +4 ring of protection (right hand)
 X - a ring of protection from cold
Wands
 j - a wand of acid (10)
 q - a wand of digging (11)
 x - a wand of flame (37)
 E - a wand of paralysis (4)
 H - a wand of iceblast (5)
Scrolls
 k - 2 scrolls of fear
 l - 12 scrolls of teleportation
 s - 4 scrolls of magic mapping
 y - 10 scrolls of immolation
 A - 3 scrolls of silence
 B - a scroll of holy word
 F - a scroll of fog
 I - a scroll of enchant armour
 Q - 2 scrolls of blinking
 Y - a scroll of acquirement
Potions
 d - 5 potions of might
 f - 15 potions of curing
 m - a potion of flight
 z - 5 potions of berserk rage
 D - a potion of invisibility
 L - a potion of heal wounds
 N - a potion of resistance
 T - 4 potions of haste
 U - a potion of magic {unknown}
 W - 4 potions of mutation
Miscellaneous
 t - a condenser vane
 G - a box of beasts


   Skills:
 + Level 17.5(22.5) Fighting
 + Level 13.6(22.1) Short Blades
 + Level 18.2(25.2) Long Blades
 + Level 1.4(7.0) Axes
 + Level 1.4(7.1) Maces & Flails
 + Level 1.1(6.9) Polearms
 + Level 1.4(7.0) Staves
 + Level 1.0(6.2) Slings
 + Level 1.0(6.0) Bows
 + Level 1.8(6.8) Crossbows
 + Level 0.9(6.1) Throwing
 + Level 17.7(22.7) Armour
 + Level 6.3(11.3) Dodging
 + Level 3.2(8.2) Stealth
 + Level 17.7(22.7) Shields
 + Level 1.0(6.0) Unarmed Combat
 + Level 0.4 Spellcasting
 + Level 0.5 Conjurations
 + Level 0.6 Hexes
 + Level 0.5 Summonings
 + Level 0.7 Necromancy
 + Level 0.5 Translocations
 + Level 0.9 Transmutations
 + Level 0.5 Fire Magic
 + Level 0.5 Ice Magic
 + Level 0.5 Air Magic
 + Level 0.6 Earth Magic
 + Level 0.5 Poison Magic
 + Level 2.9 Invocations
 + Level 3.0 Evocations


You had 18 spell levels left.
You didn't know any spells.
Your spell library contained the following spells:

 Spells                   Type           Power      Damage    Failure   Level
 Slow                     Hex            4%         N/A       54%         1
 Foxfire                  Conj/Fire      4%         2x1d4     56%         1
 Passwall                 Tmut/Erth      0%         N/A       67%         2
 Corpse Rot               Necr/Air       2%         N/A       69%         2
 Ensorcelled Hibernation  Hex/Ice        2%         N/A       71%         2
 Poisonous Vapours        Pois/Air       2%         N/A       71%         2
 Scorch                   Fire           2%         2d5       71%         2
 Spider Form              Tmut/Pois      1%         N/A       88%         3
 Vampiric Draining        Necr           1%         2d6       88%         3
 Confusing Touch          Hex            1%         N/A       89%         3
 Conjure Flame            Conj/Fire      1%         6-21      90%         3
 Dazzling Flash           Conj/Hex       2%         N/A       90%         3
 Frozen Ramparts          Ice            2%         1d2       90%         3
 Inner Flame              Hex/Fire       1%         N/A       90%         3
 Mephitic Cloud           Conj/Pois/Air  1%         N/A       90%         3
 Stone Arrow              Conj/Erth      2%         3d7       90%         3
 Swiftness                Air            1%         N/A       90%         3
 Ice Form                 Ice/Tmut       1%         N/A       99%         4
 Petrify                  Tmut/Erth      1%         N/A       99%         4
 Airstrike                Air            0%         N/A       100%        4
 Anguish                  Hex/Necr       0%         N/A       100%        4
 Cause Fear               Hex            0%         N/A       100%        4
 Flame Wave               Conj/Fire      1%         2d4       100%        4
 Fulminant Prism          Conj/Hex       0%         3d6       100%        4
 Iskenderun's Mystic Bla  Conj/Tloc      1%         2d3       100%        4
 Leda's Liquefaction      Hex/Erth       0%         N/A       100%        4
 Lee's Rapid Deconstruct  Erth           0%         3d5*      100%        5
 Lightning Bolt           Conj/Air       0%         1d11      100%        5
 Yara's Violent Unravell  Hex/Tmut       0%         3d3       100%        5
 Dispersal                Tloc           0%         N/A       100%        6
 Starburst                Conj/Fire      0%         6d3       100%        6
 Statue Form              Tmut/Erth      0%         N/A       100%        6
 Dragon Form              Tmut           0%         N/A       100%        7
 Disjunction              Tloc           0%         N/A       100%        8
 Lehudib's Crystal Spear  Conj/Erth      0%         10d2      100%        8
 Necromutation            Tmut/Necr      0%         N/A       100%        8
 Chain Lightning          Conj/Air       0%         2d1       100%        9
 Fire Storm               Conj/Fire      0%         6d1       100%        9
 Shatter                  Erth           0%         3d5*      100%        9
 Summon Guardian Golem    Hex/Summ       Unusable   N/A       N/A         3
 Animate Armour           Summ/Erth      Unusable   N/A       N/A         4
 Summon Ice Beast         Ice/Summ       Unusable   N/A       N/A         4
 Summon Lightning Spire   Summ/Air       Unusable   N/A       N/A         4
 Summon Cactus Giant      Summ           Unusable   N/A       N/A         6
 Dragon's Call            Summ           Unusable   N/A       N/A         9

Dungeon Overview and Level Annotations

Branches:
Dungeon (15/15)            Temple (1/1) D:6            Lair (6/6) D:10
  Swamp (2/4) Lair:4       Spider (2/4) Lair:3        Slime (0/5) Lair:6
    Orc (2/2) D:12            Elf (0/3) Orc:2        Vaults (0/5) D:14
 Depths (0/4) D:15          Sewer (visited)           IceCv (visited)

Altars:
Ashenzari
Cheibriados
Dithmenos
Elyvilon
Gozag
Kikubaaqudgha
Makhleb
Nemelex Xobeh
Okawaru
Qazlal
Sif Muna
Trog
Uskayaw
Wu Jian
Xom
Yredelemnul
Zin
The Shining One
Beogh

Shops:
D:4 ??[!=   D:5 *   D:11 (   D:13 !   Orc:2 ((!!:

Annotations:
Lair:3 Casa


Innate Abilities, Weirdness & Mutations

You have a pair of horns on your head.
You reflexively headbutt those who attack you in melee.


Message History

You gain the combat prowess of a mighty hero.
You block the culicivora's attack.
The culicivora bites you but does no damage.
The culicivora bites you!!
* * * LOW HITPOINT WARNING * * *
The culicivora draws strength from your injuries!
You block the culicivora's attack. x2
You miss the culicivora. You headbutt the culicivora!
The culicivora is lightly wounded.
The culicivora bites you but does no damage.
The culicivora bites you!
* * * LOW HITPOINT WARNING * * *
The culicivora draws strength from your injuries!
You block the culicivora's attack.
You closely miss the culicivora.
The culicivora is lightly wounded.
The culicivora bites you!
* * * LOW HITPOINT WARNING * * *
The culicivora draws strength from your injuries!
You block the culicivora's attack. The culicivora misses you.
Unknown command.
You barely miss the culicivora. Your headbutt misses the culicivora.
The culicivora is lightly wounded.
You block the culicivora's attack. x2
The culicivora bites you but does no damage.
Unknown command.
You cut the culicivora into ribbons!!! You burn the culicivora!
You kill the culicivora!
Okawaru accepts your kill. You block the culicivora's attack.
Unknown command.
You hit the culicivora but do no damage.
You block the culicivora's attack. The culicivora misses you.
Unknown command.
You slash the culicivora! You burn the culicivora. You headbutt the culicivora!
The culicivora is moderately wounded.
The moth of wrath bites you.
* * * LOW HITPOINT WARNING * * *
The culicivora bites you!!
You die...

### #.##..##.<.#
####......###
##......#. ##.##.... #
######.. #. ### #...
>.#.^##.### ###.
......s...# #...
...##.y@†.## ##...
#..###..# #..#.
####...## ####..##
###^#....# ##..#...#.
#^#....######..###....
#.....###.#.#..##(.#..
##..###...(.#..#####..
##...........######.<
###....###....#.##...


You could see a moth of wrath and a culicivora (berserk).

Vanquished Creatures
  A profane servitor (Abyss:3)
  Jorgrun (D:14)
  A bone dragon (Abyss:3)
  Rupert (Spider:1)
  Mlioglotl (Spider:1)
  A tentacled monstrosity (D:12)
  A tentacled starspawn (Abyss:3)
  Gastronok (D:9)
  Roxanne (Swamp:2)
  Donald (Swamp:1)
  A fenstrider witch (Swamp:1)
  4 emperor scorpions (Spider:1)
  2 ghost moths
  4 broodmothers
  A reaper (IceCv)
  A stone giant (D:15)
  3 very ugly things
  Nessos (Lair:5)
  7 entropy weavers
  A bunyip (Swamp:2)
  3 eleionomae
  2 spark wasps (Spider:1)
  A lorocyproca (Abyss:3)
  Josephine (D:13)
  Snorg (Lair:3)
  The ghost of Keadol the Thaumaturge, a journeyman DrCj of Vehumet (Lair:1)
  A spriggan zombie (Abyss:3)
  4 vault guards (D:14)
  A great orb of eyes (D:15)
  The ghost of hitsuchi the Carver, a journeyman PaBe of Trog (D:11)
  5 hydras
  Fannar (Lair:3)
  The ghost of Bauqient the Spear-Bearer, a journeyman MfSu of Sif Muna (Lair:1)
  4 ghost crabs
  A merfolk avatar (Lair:6)
  2 catoblepae
  10 centaur warriors
  5 ogre magi
  The ghost of LetschGu the Jinx, a journeyman SpAM of Ashenzari (Lair:1)
  5 boulder beetles
  11 alligators
  21 two-headed ogres
  3 tengu warriors
  6 death yaks (Lair:5)
  A thrashing horror (Abyss:3)
  Urug (D:12)
  2 orc high priests
  5 fire crabs (Lair:4)
  2 steelbarb worms
  A spriggan druid (Swamp:2)
  4 sea snakes (Lair:6)
  A spatial maelstrom (Abyss:3)
  An orb spider (Spider:2)
  A swamp dragon (Swamp:1)
  5 pharaoh ants (Spider:1)
  4 bog bodies
  5 goliath frogs
  5 lindwurms
  A wizard (D:15)
  6 wolf spiders
  4 deep elf pyromancers
  13 ugly things
  8 orc knights
  2 oklob plants (Lair:4)
  4 orc sorcerers (Orc:1)
  6 cyclopes
  2 manticores
  4 black mambas
  18 elephants
  2 apocalypse crabs
  A moth of wrath (Spider:1)
  2 ice statues (IceCv)
  Maurice (D:8)
  A torpor snail (Spider:2)
  6 demonic crawlers
  8 cane toads
  2 gargoyles
  An efreet (D:11)
  An unseen horror (D:13)
  3 rime drakes (Lair:6)
  An entropy weaver simulacrum (IceCv)
  11 komodo dragons
  6 ice devils (IceCv)
  3 tengu conjurers
  2 polar bears
  9 meliai (Spider:2)
  A wolf spider simulacrum (D:14)
  2 wind drakes (Lair:6)
  A bloated husk (Swamp:2)
  A tyrant leech (Swamp:1)
  Grinder (D:4)
  6 trolls
  9 tarantellas
  6 hornets
  2 snapping turtles (Lair:6)
  5 raiju (Abyss:3)
  6 blink frogs
  7 slime creatures
  3 large abominations (Abyss:3)
  5 spriggans
  10 jumping spiders
  5 flying skulls (Abyss:3)
  10 culicivoras
  A dire elephant simulacrum (IceCv)
  5 wyverns
  2 shadows (Abyss:3)
  6 wraiths
  A basilisk (Lair:4)
  A human (D:14)
  48 yaks
  2 steam dragons (Lair:6)
  A chaos spawn (D:12)
  14 vampire mosquitoes
  37 redbacks
  2 neqoxecs
  A death yak simulacrum (IceCv)
  Edmund (D:4)
  A warg (Orc:2)
  A harpy simulacrum (IceCv)
  10 swamp worms
  An acid dragon (D:10)
  3 black bears
  3 hornet zombies (D:8)
  5 swamp drakes
  11 water moccasins
  12 ice beasts
  39 orc warriors
  2 sky beasts
  15 ogres
  A necrophage (D:7)
  36 centaurs
  A phantom (D:3)
  16 wolves
  10 bullfrogs
  3 kobold brigands (D:8)
  7 scorpions
  3 two-headed ogre simulacra (IceCv)
  A gnoll sergeant (D:7)
  2 cane toad simulacra (IceCv)
  An elephant simulacrum (IceCv)
  6 killer bees
  3 electric eels
  8 howler monkeys
  4 crimson imps (D:14)
  A bullfrog zombie (D:5)
  5 starcursed masses (Abyss:3)
  5 centaur zombies
  10 orc priests
  5 hounds
  A jelly (Lair:6)
  2 gnoll shamans
  2 iguanas (D:6)
  Jessica (D:2)
  14 orc wizards
  3 spriggan simulacra (IceCv)
  A troll simulacrum (IceCv)
  A wolf simulacrum (IceCv)
  8 small abominations
  2 howler monkey zombies
  12 gnolls
  2 howler monkey skeletons
  6 adders
  3 naga simulacra (IceCv)
  A river rat (D:3)
  2 shadow imps
  4 white imps
  3 ufetubi
  An adder skeleton (D:4)
  4 worms
  4 dart slugs
  51 orcs
  8 ball pythons
  8 bats
  5 endoplasms
  6 giant cockroaches (Sewer)
  10 goblins
  7 hobgoblins
  4 quokkas
  14 frilled lizards
  11 kobolds
  3 rats
  2 bushes (Lair:3)
932 creatures vanquished.

Vanquished Creatures (others)
  A bloated husk (Swamp:1)
  A spriggan (Swamp:1)
  A swamp worm (Swamp:1)
  An orc wizard (Orc:1)
  An orc (Orc:1)
  30 fungi
  49 plants
  2 starspawn tentacles (Abyss:3)
86 creatures vanquished.

Grand Total: 1018 creatures vanquished

Notes
Turn   | Place    | Note
-------+----------+-------------------------------------------
     0 | D:1      | Peloso the Minotaur Fighter began the quest for the Orb.
     0 | D:1      | Reached XP level 1. HP: 19/19 MP: 0/0
    99 | D:1      | Reached XP level 2. HP: 23/27 MP: 1/1
   527 | D:1      | Reached skill level 3 in Long Blades
   548 | D:1      | Reached XP level 3. HP: 29/33 MP: 2/2
  1053 | D:2      | Found a hide-covered altar of Uskayaw.
  1053 | D:2      | Noticed Jessica
  1057 | D:2      | Reached XP level 4. HP: 40/40 MP: 3/3
  1062 | D:2      | Killed Jessica
  1453 | D:2      | Reached skill level 4 in Long Blades
  1861 | D:3      | Found a faded altar of an unknown god.
  1944 | D:3      | Reached XP level 5. HP: 45/47 MP: 4/4
  1958 | D:3      | Found a glowing drain.
  1971 | Sewer    | Entered a sewer
  2218 | Sewer    | Reached skill level 5 in Armour
  2218 | Sewer    | Reached skill level 1 in Dodging
  2225 | Sewer    | Reached XP level 6. HP: 21/53 MP: 5/5
  2712 | D:3      | Reached skill level 5 in Long Blades
  2788 | D:3      | Found a white marble altar of Elyvilon.
  3090 | D:4      | Found Lamo Xau's Magic Scroll Shop.
  3161 | D:4      | Bought a scroll of magic mapping for 45 gold pieces
  3161 | D:4      | Bought a scroll of noise for 13 gold pieces
  3237 | D:4      | Found Zeget's Distillery.
  3248 | D:4      | Reached skill level 5 in Shields
  3448 | D:4      | Noticed an orc warrior
  3529 | D:4      | Found Heshifi's Antique Armour Shoppe.
  3546 | D:3      | Reached XP level 7. HP: 39/60 MP: 6/6
  3696 | D:4      | Noticed Grinder
  3712 | D:4      | Found Ydo Upee's Magic Scroll Boutique.
  3713 | D:4      | Reached skill level 6 in Long Blades
  3725 | D:4      | Killed Grinder
  3726 | D:4      | Reached skill level 5 in Fighting
  4714 | D:5      | Entered Level 5 of the Dungeon
  4718 | D:5      | Identified the +8 rapier "Ogaysk" {speed, rF+++ rCorr Str-2
                  | Dex+3}
  4731 | D:5      | Found a stormy altar of Qazlal.
  4774 | D:5      | Found Lacieq's General Store.
  4779 | D:5      | Bought a potion of degeneration for 12 gold pieces
  4921 | D:5      | Reached skill level 7 in Long Blades
  4924 | D:5      | Reached XP level 8. HP: 66/69 MP: 7/7
  5309 | D:6      | Found a staircase to the Ecumenical Temple.
  5318 | D:6      | Reached skill level 1 in Short Blades
  5327 | Temple   | Entered the Ecumenical Temple
  5360 | Temple   | Became a worshipper of Warmaster Okawaru
  5496 | D:6      | Found an ancient bone altar of Kikubaaqudgha.
  5499 | D:6      | Found a bloodstained altar of Trog.
  5501 | D:6      | Found a burning altar of Makhleb.
  5501 | D:6      | Found a sparkling altar of Nemelex Xobeh.
  5501 | D:6      | Found a basalt altar of Yredelemnul.
  5503 | D:6      | Found a shimmering altar of Xom.
  6014 | D:6      | Reached * piety under Okawaru
  6479 | D:4      | Noticed Edmund
  6479 | D:4      | Found Mygargh's Jewellery Shoppe.
  6526 | D:4      | Killed Edmund
  6866 | D:4      | Reached skill level 5 in Short Blades
  6866 | D:4      | Reached XP level 9. HP: 75/75 MP: 8/8
  7825 | D:7      | Reached ** piety under Okawaru
  7944 | D:7      | Reached skill level 1 in Stealth
  8403 | D:8      | Noticed a cyan ugly thing
  8420 | D:8      | Killed a cyan ugly thing
  8597 | D:9      | Reached XP level 10. HP: 86/86 MP: 9/9
  8724 | D:9      | Reached *** piety under Okawaru
  8818 | D:9      | Noticed Gastronok
  8836 | D:9      | Killed Gastronok
  8836 | D:9      | Reached **** piety under Okawaru
  8837 | D:9      | Reached skill level 10 in Short Blades
  8952 | D:9      | Noticed Maurice
  8967 | D:9      | Noticed a two-headed ogre
  8979 | D:10     | Entered Level 10 of the Dungeon
  9261 | D:10     | Found a broken altar of Ashenzari.
  9439 | D:10     | Found a shimmering blue altar of Sif Muna.
  9551 | D:10     | Reached skill level 10 in Armour
  9644 | D:10     | Noticed a deep elf pyromancer
  9652 | D:10     | Killed a deep elf pyromancer
  9776 | D:10     | Reached ***** piety under Okawaru
 10221 | D:10     | Found a staircase to the Lair.
 10389 | D:11     | Found a transporter.
 10448 | D:11     | Noticed hitsuchi's ghost (journeyman PaBe)
 10448 | D:11     | Noticed a two-headed ogre
 10448 | D:11     | Noticed a two-headed ogre
 10449 | D:11     | Found a transporter.
 10449 | D:11     | Identified the +6 dire flail "Naan" {vorpal, *Noise rPois
                  | Will+ Str+2}
 10449 | D:11     | Identified the +7 great mace "Yrghetots" {holy, rF- rCorr
                  | Int+2 Dex+4}
 10449 | D:11     | Noticed a two-headed ogre
 10480 | D:11     | Noticed a boulder beetle
 10492 | D:11     | Killed a boulder beetle
 10493 | D:11     | Reached XP level 11. HP: 31/95 MP: 7/10
 10795 | D:11     | Noticed a two-headed ogre
 10805 | D:11     | Killed a two-headed ogre
 10940 | D:11     | Found Ivuj's Antique Weapon Emporium.
 11210 | D:11     | Identified the +3 buckler of the Circus Animal {rN+ rCorr
                  | Str+7} (Okawaru gifted it to you on level 11 of the
                  | Dungeon)
 11210 | D:11     | Received a gift from Okawaru
 11657 | D:9      | Noticed a two-headed ogre
 11699 | D:8      | Killed Maurice
 11937 | D:9      | Killed a two-headed ogre
 12255 | D:9      | Killed a two-headed ogre
 12980 | D:8      | Noticed a two-headed ogre
 12988 | D:8      | Killed a two-headed ogre
 12989 | D:8      | Reached skill level 1 in Invocations
 13013 | D:8      | Noticed a two-headed ogre
 13025 | D:8      | Killed a two-headed ogre
 13132 | D:8      | Identified the +12 hand crossbow of the Orcish Mines {elec,
                  | Stlth+}
 13160 | D:8      | Noticed a centaur warrior
 13160 | D:8      | Noticed a tengu warrior
 13160 | D:8      | Noticed a two-headed ogre
 13173 | D:8      | Killed a tengu warrior
 13174 | D:8      | Reached skill level 10 in Fighting
 13179 | D:8      | Killed a centaur warrior
 13199 | D:8      | Killed a two-headed ogre
 13346 | D:8      | Got the Grimoire of Transformation
 13364 | D:8      | Identified the +10 long sword "Qirit" {flame, Str+3 Int-3
                  | Dex+5 SInv}
 13444 | D:8      | Noticed a lindwurm
 13452 | D:8      | Killed a lindwurm
 13453 | D:8      | Reached XP level 12. HP: 79/106 MP: 10/12
 13478 | D:8      | Identified the +0 pair of boots "Zugoff" {Int+3 Slay+3}
                  | (Okawaru gifted it to you on level 8 of the Dungeon)
 13478 | D:8      | Received a gift from Okawaru
 13721 | D:8      | Noticed a two-headed ogre
 13724 | D:8      | Killed a two-headed ogre
 13983 | D:4      | Bought a scroll of identify for 20 gold pieces
 13983 | D:4      | Bought a scroll of identify for 20 gold pieces
 13983 | D:4      | Bought a scroll of identify for 20 gold pieces
 14004 | D:4      | Bought a scroll of identify for 26 gold pieces
 14004 | D:4      | Bought a scroll of identify for 26 gold pieces
 14004 | D:4      | Bought a scroll of identify for 26 gold pieces
 14128 | Lair:1   | Entered Level 1 of the Lair of Beasts
 14158 | Lair:1   | Found a runed translucent gate.
 14159 | Lair:1   | Found a runed translucent gate.
 14159 | Lair:1   | Found a runed translucent gate.
 14161 | Lair:1   | Noticed LetschGu's ghost (journeyman SpAM)
 14161 | Lair:1   | Noticed Bauqient's ghost (journeyman MfSu)
 14161 | Lair:1   | Noticed Keadol's ghost (journeyman DrCj)
 14166 | Lair:1   | Identified the amulet "Zirofoqe" {Faith rF+ rCorr}
 14253 | Lair:1   | Reached skill level 8 in Long Blades
 15321 | Lair:2   | Reached skill level 9 in Long Blades
 16163 | Lair:2   | Reached skill level 10 in Long Blades
 16468 | Lair:3   | Found a hole to the Spider Nest.
 16714 | Lair:3   | Noticed Snorg
 16721 | Lair:3   | Noticed Fannar
 17101 | Lair:3   | Killed Snorg
 17103 | Lair:3   | Reached ****** piety under Okawaru
 17103 | Lair:3   | Identified the +7 double sword of Pudacriant {holy, SInv}
                  | (Okawaru gifted it to you on level 3 of the Lair of Beasts)
 17103 | Lair:3   | Received a gift from Okawaru
 17373 | Lair:3   | Killed Fannar
 17703 | Lair:3   | Identified the +3 trident "Kisiyh" {spect, Will- Str+6}
 18022 | D:11     | Reached skill level 11 in Long Blades
 18022 | D:11     | Reached XP level 13. HP: 50/116 MP: 13/13
 18575 | D:12     | Found a staircase to the Orcish Mines.
 18811 | D:12     | Received a gift from Okawaru
 18812 | D:12     | Reached skill level 12 in Long Blades
 19328 | D:12     | Found a runed translucent door.
 19563 | Lair:1   | Killed LetschGu's ghost
 19968 | Lair:1   | Killed Bauqient's ghost
 20008 | Lair:1   | Killed Keadol's ghost
 20481 | Lair:4   | Reached skill level 10 in Shields
 20641 | Lair:4   | Identified the +2 hat "Hidush" {Will+ Int+3 Dex+3} (Okawaru
                  | gifted it to you on level 4 of the Lair of Beasts)
 20641 | Lair:4   | Received a gift from Okawaru
 20647 | Lair:4   | Reached skill level 13 in Long Blades
 21399 | Lair:4   | Found a staircase to the Swamp.
 21493 | Lair:4   | Found a runed translucent door.
 21909 | Lair:5   | Reached XP level 14. HP: 120/127 MP: 14/14
 22126 | Lair:5   | Noticed Nessos
 22142 | Lair:5   | Killed Nessos
 22175 | Lair:5   | Reached skill level 14 in Long Blades
 22681 | Lair:5   | Received a gift from Okawaru
 23086 | Lair:5   | Reached skill level 1 in Evocations
 23622 | Lair:6   | Entered Level 6 of the Lair of Beasts
 23869 | Lair:6   | Reached skill level 15 in Long Blades
 23872 | Lair:6   | Found a staircase to the Slime Pits.
 25075 | Lair:6   | Received a gift from Okawaru
 25439 | Lair:6   | Reached skill level 15 in Armour
 26007 | Orc:1    | Entered Level 1 of the Orcish Mines
 26740 | D:13     | Found a frozen archway.
 26749 | IceCv    | Entered an ice cave
 26899 | IceCv    | Reached XP level 15. HP: 137/137 MP: 15/15
 26980 | IceCv    | Received a gift from Okawaru
 28367 | D:11     | Killed hitsuchi's ghost
 28751 | D:12     | Noticed a tentacled monstrosity
 28760 | D:12     | Killed a tentacled monstrosity
 28931 | D:12     | Got the Compendium of Flying Beguiling
 29007 | D:12     | Noticed Urug
 29013 | D:12     | Received a gift from Okawaru
 29022 | D:12     | Killed Urug
 29522 | D:13     | Found Derulem's Distillery.
 29564 | D:13     | Bought a potion of mutation for 104 gold pieces
 29564 | D:13     | Bought a potion of flight for 39 gold pieces
 29582 | D:13     | Noticed Josephine
 29588 | D:13     | Killed Josephine
 30050 | Orc:2    | Entered Level 2 of the Orcish Mines
 30373 | Orc:2    | Reached skill level 16 in Long Blades
 30393 | Orc:2    | Received a gift from Okawaru
 30539 | Orc:2    | Found Gusaurea's Book Boutique.
 30837 | Orc:2    | Found a staircase to the Elven Halls.
 31105 | Orc:2    | Identified the +6 short sword "Gicoe" {vorpal, rF+ rCorr}
                  | (Okawaru gifted it to you on level 2 of the Orcish Mines)
 31105 | Orc:2    | Received a gift from Okawaru
 31546 | Orc:2    | Found Qasuwk's Weapon Boutique.
 31546 | Orc:2    | Found Cedoh's Distillery.
 31548 | Orc:2    | Found Ylesmus's Distillery.
 31550 | Orc:2    | Found Vasenix's Antique Weapon Shop.
 31555 | Orc:2    | Bought a potion of heal wounds for 55 gold pieces
 31557 | Orc:2    | Bought a potion of haste for 170 gold pieces
 31557 | Orc:2    | Bought a potion of heal wounds for 85 gold pieces
 31747 | Orc:1    | Reached skill level 1 in Crossbows
 32629 | D:4      | Bought a potion of experience for 700 gold pieces
 32629 | D:4      | Bought a potion of might for 56 gold pieces
 32631 | D:4      | Reached skill level 1 in Axes
 32631 | D:4      | Reached skill level 1 in Staves
 32631 | D:4      | Reached XP level 16. HP: 147/147 MP: 16/16
 32632 | D:4      | Reached skill level 1 in Maces & Flails
 32632 | D:4      | Reached skill level 1 in Polearms
 32632 | D:4      | Reached skill level 1 in Slings
 32632 | D:4      | Reached skill level 1 in Bows
 32632 | D:4      | Reached skill level 1 in Unarmed Combat
 32632 | D:4      | Reached XP level 17. HP: 154/154 MP: 17/17
 32845 | Lair:4   | Received a gift from Okawaru
 32873 | Lair:4   | Reached skill level 15 in Fighting
 33161 | Lair:4   | Identified the amulet of Qigoy {Spirit Int+3}
 33602 | D:14     | Found a shimmering altar of Xom.
 33665 | D:14     | Reached skill level 5 in Dodging
 33716 | D:14     | Noticed Jorgrun
 33731 | D:14     | Killed Jorgrun
 33732 | D:14     | Reached XP level 18. HP: 155/163 MP: 16/18
 33877 | D:14     | Identified a scroll of acquirement
 34161 | D:14     | Reached skill level 15 in Shields
 34219 | D:14     | Found a gate to the Vaults.
 34220 | D:14     | Identified the +1 ring mail of the Echidna {Str+5 Slay+3}
 34227 | D:14     | Reached skill level 17 in Long Blades
 34514 | D:15     | Entered Level 15 of the Dungeon
 34523 | D:15     | Cast into level 3 of the Abyss (a wizard)
 34634 | Abyss:3  | Noticed a profane servitor
 34649 | Abyss:3  | Killed a profane servitor
 34725 | Abyss:3  | Paralysed by accursed screaming for 2 turns
 34726 | Abyss:3  | HP: 7/154 [starcursed mass/accursed screaming (16)]
 34919 | Abyss:3  | Noticed a bone dragon
 34930 | Abyss:3  | Killed a bone dragon
 34938 | D:15     | Escaped the Abyss
 35634 | D:15     | Found a staircase to the Depths.
 35657 | D:15     | Received a gift from Okawaru
 36095 | D:15     | Identified the +0 leather armour of Geth {rN+ MP+9 Str+4}
 36796 | Swamp:1  | Entered Level 1 of the Swamp
 37047 | Swamp:1  | Noticed Donald
 37066 | Swamp:1  | Killed Donald
 38052 | Swamp:2  | Received a gift from Okawaru
 38243 | Swamp:2  | Identified Roxanne's Catalogue of Clay
 38243 | Swamp:2  | Noticed Roxanne
 38273 | Swamp:2  | Killed Roxanne
 39180 | Spider:1 | Entered Level 1 of the Spider Nest
 39208 | Spider:1 | Identified the +1 rapier of Elitism {vorpal, Will- Str+6
                  | Dex+2} (Okawaru gifted it to you on level 1 of the Spider
                  | Nest)
 39208 | Spider:1 | Received a gift from Okawaru
 40427 | Spider:1 | Received a gift from Okawaru
 40802 | Spider:1 | Reached skill level 18 in Long Blades
 40902 | Spider:1 | Noticed Mlioglotl
 40910 | Spider:1 | Killed Mlioglotl
 40926 | Spider:1 | Reached XP level 19. HP: 177/177 MP: 20/20
 40971 | Spider:1 | Noticed Rupert
 40981 | Spider:1 | Killed Rupert
 42364 | Spider:2 | Received a gift from Okawaru
 43050 | Spider:2 | Slain by a culicivora

Illustrated notes

Levels and vault maps discovered:
D:1:      saegor_arrival_miasma, layout_loops_ring
D:2:      layout_basic, basic_altar, uniq_jessica
D:3:      layout_basic, nicolae_overflow_hidden_temple, basic_ecumenical_altar,
          lightli_sewer_entry_pipes, st_stairs_8, minmay_misc_feat_room
D:4:      layout_rooms, serial_shops, nicolae_shop_competitors_out_of_business,
          shop, nicolae_take_the_stairs, shop, shop, uniq_grinder, uniq_edmund
D:5:      layout_gridville, grunt_qazlal_clouds, serial_shops,
          kennysheep_little_box
D:6:      layout_loops_ring, grunt_temple_overflow_open, temple_fountains
D:7:      layout_basic, minmay_misc_feat_chi, chequers_serial_rivers_small_b,
          dk_rats_in_the_wall
D:8:      minmay_the_grid_square_5x5_3x3 [minmay_the_grid_square_5x5_corner,
          minmay_the_grid_square_5x5_inverted_slash,
          minmay_the_grid_square_5x5_bite,
          minmay_the_grid_square_5x5_two_walls_a,
          minmay_the_grid_square_5x5_megaprize_diamond,
          minmay_the_grid_square_5x5_tetrominoes,
          minmay_the_grid_square_5x5_comb, minmay_the_grid_square_5x5_inner_v,
          minmay_the_grid_square_5x5_pentomino_r], layout_cave_pools,
          minmay_lindwurm_lava
D:9:      layout_cave_pools, hangedman_decor_opposing, grunt_decor_cap,
          uniq_maurice, uniq_gastronok
D:10:     layout_basic, ashenzari_altar_1, kennysheep_orc_sif_temple,
          lair_entry_dummy
D:11:     layout_basic, serial_shops, nicolae_diamond_shop,
          gammafunk_ghost_smash
D:12:     cheibrodos_body_horror, layout_basic, serial_ice, serial_ice_d,
          serial_ice_n, serial_ice_l, serial_ice_c, uniq_urug
D:13:     layout_irregular_city, serial_shops, shop,
          portal_ice_cave_entry_pillars_2, uniq_josephine
D:14:     layout_loops_ring, grunt_vaults_entry_fortified,
          minmay_misc_feat_columns, led_xom_imps, uniq_jorgrun
D:15:     grunt_enter_depths_giant_problem, layout_cave_pools,
          minmay_misc_feat_more_columns
Temple:   nicolae_temple_hex_pool
Lair:1:   layout_layer_cave, gammafunk_ghost_cemetery
Lair:2:   layout_roguey, st_stairs_6, cheibrodos_lair_caveside_slide,
          nicolae_quartered_pool_impasse, minivault_26, serial_bayou_lagoon_b
Lair:3:   layout_cave_shapes, spider_nest_entry_a, uniq_snorg, uniq_fannar
Lair:4:   gammafunk_mikee_crab_dinner, layout_cave_pods, swamp_mist_pool,
          dpeg_oklob_1
Lair:5:   onia_ninara_swampy_vault, layout_regular_city, nicolae_lair_lil_pond,
          infiniplex_staircase_pool, uniq_nessos
Lair:6:   gammafunk_lair_ancient_temple, layout_cave_pods,
          minmay_slime_entry_pillars
Swamp:1:  layout_falls_marsh, serial_swamp_ruin, evilmike_swamp_ruin_house_5,
          evilmike_swamp_ruin_house_3, evilmike_swamp_ruin_house_4, uniq_donald
Swamp:2:  layout_basic_swamp, wheals_swamp_sinkhole, swamp_pool5, uniq_roxanne
Spider:1: layout_spider_delve, nicolae_spider_webs_and_nodes,
          nicolae_spider_scorpion_nest, uniq_mlioglotl, uniq_rupert
Spider:2: layout_spider_delve
Orc:1:    layout_diamond_mine
Orc:2:    st_orc_rangers, layout_caves, serial_shops, shop, mines1_david

Skill      XL: |  1  2  3  4  5  6  7  8  9 10 11 12 13 14 15 16 17 18 |
---------------+-------------------------------------------------------+-----
Shields        | 4 5 6 7 9 10 12 14 17 | 17.7
Armour         | 4 5 6 8 9 10 11 12 14 15 16 17 | 17.7
Fighting       | 4 5 6 7 8 10 11 12 13 14 15 17 | 17.5
Long Blades    | 3 4 5 7 11 13 15 16 18 | 18.2
Dodging        | 1 2 3 4 5 6 |  6.3
Short Blades   | 5 8 11 13 | 13.6
Stealth        | 1 2 3 |  3.2
Invocations    | 1 2 |  2.9
Evocations     | 1 2 3 |  3.0
Crossbows      | 1 |  1.8
Axes           | 1 |  1.4
Staves         | 1 |  1.4
Maces & Flails | 1 |  1.4
Polearms       | 1 |  1.1
Slings         | 1 |  1.0
Bows           | 1 |  1.0
Unarmed Combat | 1 |  1.0
Throwing       | |  0.9
Spellcasting   | |  0.4
Conjurations   | |  0.5
Hexes          | |  0.6
Summonings     | |  0.5
Necromancy     | |  0.7
Translocations | |  0.5
Transmutations | |  0.9
Fire Magic     | |  0.5
Ice Magic      | |  0.5
Air Magic      | |  0.5
Earth Magic    | |  0.6
Poison Magic   | |  0.5

Action                   |  1- 3 |  4- 6 |  7- 9 | 10-12 | 13-15 | 16-18 | 19-21 || total
-------------------------+-------+-------+-------+-------+-------+-------+-------++-------
Melee: Long sword        |    55 |   168 |    43 |   182 |   887 |   623 |   129 ||  2087
       Headbutt          |     9 |    24 |    49 |   105 |   210 |   209 |    34 ||   640
       Rapier            |       |       |   198 |   277 |       |       |       ||   475
       Double sword      |       |       |       |       |    35 |   120 |       ||   155
 Fire: Hand crossbow     |       |       |       |       |     4 |     4 |       ||     8
Invok: Heroism           |       |       |     2 |    10 |     5 |     7 |     1 ||    25
Evoke: Wand              |       |       |       |       |    18 |     1 |       ||    19
  Use: Scroll            |       |     5 |     2 |    10 |     8 |     5 |       ||    30
       Potion            |       |       |       |       |     4 |     7 |       ||    11
 Stab: Sleeping          |       |       |       |       |     1 |       |       ||     1
Armor: Scale mail        |    25 |    74 |       |       |       |       |       ||    99
       Chain mail        |       |    40 |    79 |    18 |       |   252 |   125 ||   514
       Plate armour      |       |       |       |   170 |   573 |   219 |       ||   962
       Acid dragon scale |       |       |       |       |     5 |       |       ||     5
Dodge: Dodged            |    27 |    88 |    72 |   124 |   425 |   357 |    95 ||  1188
Block: Buckler           |    13 |    58 |    46 |   143 |   555 |   447 |   137 ||  1399
       Tower shield      |       |       |       |       |    65 |       |       ||    65
